[Event "*** Titled Tuesday 3|2 Blitz"]
[Site "Chess.com"]
[Date "2017.03.07"]
[Round "11"]
[White "VerdeNotte"]
[Black "alekroth64"]
[Result "1-0"]
[WhiteElo "2568"]
[BlackElo "2268"]
[TimeControl "180+2"]
[EndTime "15:34:23 PST"]
[Termination "VerdeNotte won by resignation"]

1. g3 d5 2. Nf3 Nc6 3. d4 Bg4 4.
Nbd2 Qd7 5. h3 Bxf3 6. Nxf3 Nf6 7. Bg2 e6 8. O-O Ne4 9. c4 dxc4 10. Qc2 Nd6 11. Ne5 Nxe5 12. dxe5 Nf5 13. Bxb7 Rb8 14. Bg2 Qb5 15. a4 Qc5 16. b4 Nd4 17. bxc5 Nxc2 18. Bc6+ Ke7 19. Rd1 Rd8 20. Bg5+ f6 21. Rxd8 Nxa1 22. exf6+ gxf6 23. Rd7+ Ke8 24. Bxf6 1-0

[Event "*** Titled Tuesday 3|2 Blitz"]
[Site "Chess.com"]
[Date "2017.03.07"]
[Round "11"]
[White "johnathan113"]
[Black "AlexanderL"]
[Result "1-0"]
[WhiteElo "2406"]
[BlackElo "2529"]
[TimeControl "180+2"]
[EndTime "15:34:39 PST"]
[Termination "johnathan113 won by resignation"]

1. e4 c6 2. Nc3 d5 3. Qf3 dxe4 4.
Nxe4 Nd7 5. Ne2 Ngf6 6. N2c3 e6 7. d4 Be7 8. Bd3 O-O 9. h4 Nxe4 10. Nxe4 c5 11. dxc5 Nxc5 12. Nxc5 Bxc5 13. Bxh7+ Kxh7 14. Qh5+ Kg8 15. Qxc5 b6 16. Qe5 Ba6 17. Bd2 Rc8 18. O-O-O Qc7 19. Bc3 Qxe5 20. Bxe5 f6 21. Bc3 Rfd8 22.
h5 Rxd1+ 23. Rxd1 Be2 24. Rd7 Bxh5 25. Rxa7 Rd8 26. b4 Rd1+ 27. Kb2 Be2 28. a4 e5 29. Rb7 Rf1 30. f3 Rf2 31. Rxb6 Bd3 32. a5 Rxc2+ 33. Kb3 Rxg2 34. a6 Be2 35. Rb8+ Kh7 36. a7 Bxf3 37. a8=Q Bxa8 38. Rxa8 g5 39. b5 1-0

[Event "*** Titled Tuesday 3|2 Blitz"]
[Site "Chess.com"]
[Date "2017.03.07"]
[Round "11"]
[White "IMcoach"]
[Black "manubibi"]
[Result "0-1"]
[WhiteElo "2330"]
[BlackElo "2403"]
[TimeControl "180+2"]
[EndTime "15:34:50 PST"]
[Termination "manubibi won by checkmate"]

1. c4 Nf6 2. Nc3 g6 3. e4 d6 4. d4 Bg7 5. f3 O-O 6. Bg5 c5 7. d5 e6 8. Qd2 exd5 9. cxd5 a6 10.
a4 Re8 11. Nge2 Nbd7 12. Nc1 h6 13. Be3 h5 14. Be2 Nh7 15. O-O f5 16. Rb1 Ne5 17. b4 b6 18. N1a2 Bd7 19. a5 cxb4 20. Nxb4 bxa5 21. Nc6 Nxc6 22. dxc6 Bxc6 23. exf5 gxf5 24. Nd5 Bxd5 25. Qxd5+ Kh8 26. Bd4 Rxe2 27. Bxg7+ Kxg7 28. Rb7+ Kh6 29. Qxf5 Qg8 30. Rd1 Qxg2# 0-1

[Event "*** Titled Tuesday 3|2 Blitz"]
[Site "Chess.com"]
[Date "2017.03.07"]
[Round "11"]
[White "SCIM"]
[Black "ER404"]
[Result "1-0"]
[WhiteElo "2328"]
[BlackElo "2227"]
[TimeControl "180+2"]
[EndTime "15:35:15 PST"]
[Termination "SCIM won by checkmate"]

1. d4 Nf6 2. c4 g6 3. Nc3 Bg7 4. e4 d6 5. f3 O-O 6. Be3 c5 7. Nge2 Nc6 8. d5 Ne5 9. Ng3 h5 10. Be2 h4 11. Nf1 e6 12. f4 Nxc4 13. Bxc4 b5 14. Bxb5 exd5 15. e5 Bg4 16. exf6 Bxd1 17.
fxg7 Re8 18. Bxe8 Qxe8 19. Nxd5 Kxg7 20. Rxd1 Qe4 21. Kf2 h3 22. Rg1 hxg2 23. Ng3 Qc2+ 24. Rd2 Qa4 25. Rxg2 Qxa2 26. b4 Qc4 27. bxc5 dxc5 28.
Nf5+ Kf8 29. Nd6 Qb3 30. Bxc5 a6 31. f5 Kg7 32. fxg6 f6 33. Nf5+ Kg8 34. Nxf6+ Kh8 35. g7# 1-0

[Event "*** Titled Tuesday 3|2 Blitz"]
[Site "Chess.com"]
[Date "2017.03.07"]
[Round "11"]
[White "Jadeit90"]
[Black "afgano29"]
[Result "0-1"]
[WhiteElo "2136"]
[BlackElo "2397"]
[TimeControl "180+2"]
[EndTime "15:35:22 PST"]
[Termination "afgano29 won by resignation"]

1. e4 c5 2. Nc3 Nc6 3. g3 g6 4.
Bg2 Bg7 5. d3 e6 6. Be3 d6 7.
Qd2 Rb8 8. Nge2 Nd4 9. Nc1 Ne7 10. Nd1 O-O 11. c3 Ndc6 12. Bh6 b5 13. h4 f6 14. Bxg7 Kxg7 15. O-O b4 16. d4 bxc3 17. bxc3 cxd4 18. cxd4 Qa5 19. Nc3 e5 20. Nb3 Qa3 21. dxe5 dxe5 22. Nd5 Be6 23. Rfd1 Rfd8 24. h5 Bxd5 25. exd5 Nf5 26.
Qc3 Nce7 27. Qc7 Rbc8 28. Qb7 Rb8 29. Qc7 Rdc8 30. Qd7 Qd6 31. Qxa7 Ra8 32. Qb7 Rcb8 33. h6+ Kxh6 0-1

[Event "*** Titled Tuesday 3|2 Blitz"]
[Site "Chess.com"]
[Date "2017.03.07"]
[Round "11"]
[White "capatl"]
[Black "Lupul_Cenusiu"]
[Result "0-1"]
[WhiteElo "2334"]
[BlackElo "2418"]
[TimeControl "180+2"]
[EndTime "15:35:23 PST"]
[Termination "Lupul_Cenusiu won by resignation"]

1. c4 Nf6 2. Nc3 d6 3. g3 g6 4. Bg2 Bg7 5. e3 O-O 6. Nge2 c6 7. b3 e5 8. Bb2 Qe7 9. d4 Nbd7 10. h3 Re8 11. Qc2 a5 12. dxe5 dxe5 13. O-O Nc5 14. Ba3 Bf8 15. Na4 Nfd7 16. Rad1 Qe6 17.
Nxc5 Nxc5 18. Nc3 Rb8 19. Bxc5 Bxc5 20. Na4 Be7 21. c5 h5 22. Qc3 Bd8 23. Rd6 Qe7 24.
Rfd1 Bc7 25. R6d2 Bf5 26. e4 Be6 27. Kh2 Red8 28. Bf1 Rxd2 29. Rxd2 Rd8 30. Rxd8+ Qxd8 31. Qd3 Qe7 32. Qc3 Qd7 33. h4 Qd1 34. Bd3 Qf3 35. Bc2 Qxf2+ 0-1

[Event "*** Titled Tuesday 3|2 Blitz"]
[Site "Chess.com"]
[Date "2017.03.07"]
[Round "11"]
[White "Hikaru"]
[Black "platy3"]
[Result "1-0"]
[WhiteElo "2918"]
[BlackElo "2611"]
[TimeControl "180+2"]
[EndTime "15:35:45 PST"]
[Termination "Hikaru won by resignation"]

1. b3 Nf6 2. Bb2 c5 3. Nf3 Nc6 4. e3 g6 5. d4 cxd4 6. Nxd4 Bg7 7. Nxc6 bxc6 8. Be2 O-O 9. O-O a5 10. c4 a4 11. Bf3 Qb6 12. Bd4 Qa5 13. Bc3 Qb6 14. Nd2 d6 15. c5 Qxc5 16. Rc1 Qa7 17. Bxc6 Bb7 18. Bxb7 Qxb7 19. bxa4 Rfc8 20. a5 Qb5 21. Qb3 Qxb3 22. axb3 Nd5 23. Bxg7 Kxg7 24. Rxc8 Rxc8 25.
Ra1 Nb4 26. Nc4 d5 27. Nb6 Rc6 28. h4 Rc7 29. Ra4 Nc6 30. Nxd5 Rd7 31. Nf4 e5 32. Nh3 Rd1+ 33. Kh2 Rb1 34. a6 Na7 35. Rb4 Ra1 36. Rb7 Nc6 37. Ng5 Nd8 38. Rd7 h6 39.
Rxd8 hxg5 40. Rd6 gxh4 41. b4 1-0

[Event "*** Titled Tuesday 3|2 Blitz"]
[Site "Chess.com"]
[Date "2017.03.07"]
[Round "11"]
[White "Tash_Boy"]
[Black "politeplayer"]
[Result "1-0"]
[WhiteElo "2490"]
[BlackElo "2053"]
[TimeControl "180+2"]
[EndTime "15:35:45 PST"]
[Termination "Tash_Boy won by resignation"]

1. e4 c5 2. Nf3 e6 3. d4 cxd4 4.
Nxd4 Nf6 5. Nc3 Bb4 6. e5 Nd5 7.
Qg4 O-O 8. Bh6 g6 9. Bxf8 Qxf8 10. Ne2 Nc6 11. Qg3 Qc5 12. O-O-O Nxc3 13. Nxc3 Bxc3 14. Qxc3 Qxc3 15. bxc3 Nxe5 16. Rd6 Kf8 17. Be2 Ke7 18. Rhd1 f6 19. c4 Nf7 20. R6d2 b6 21. f4 d6 22. Bf3 Rb8 23. Rd3 Ba6 24. Ra3 Bxc4 25. Rxa7+ Kf8 26.
a4 d5 27. Kd2 Kg8 28. Rb1 Nd6 29. a5 b5 30. a6 b4 31. Ra1 Bb5 32. Re7 Nc4+ 33. Kc1 Ne3 34. a7 Ra8 35. Rb7 b3 36.
Rb8+ 1-0

[Event "*** Titled Tuesday 3|2 Blitz"]
[Site "Chess.com"]
[Date "2017.03.07"]
[Round "11"]
[White "Cayse"]
[Black "Anton_Demchenko"]
[Result "0-1"]
[WhiteElo "2583"]
[BlackElo "2634"]
[TimeControl "180+2"]
[EndTime "15:36:02 PST"]
[Termination "Anton_Demchenko won by resignation"]

1. e4 e5 2. Nf3 Nc6 3. Bc4 Nf6 4.
Ng5 d5 5. exd5 Na5 6. Bb5+ c6 7. dxc6 bxc6 8. Bd3 Nd5 9. Nf3 Bd6 10. O-O O-O 11. Re1 f5 12. Nxe5 Qf6 13. Nf3 g5 14. g3 f4 15. Rf1 Bh3 16. Nc3 Nxc3 17. dxc3 Bxf1 18. Qxf1 fxg3 19. Nxg5 gxf2+ 20. Kh1 Qe5 21. Bf4 Rxf4 22. Qg2 Kh8 23. Nh3 Rg8 0-1

[Event "*** Titled Tuesday 3|2 Blitz"]
[Site "Chess.com"]
[Date "2017.03.07"]
[Round "11"]
[White "Schoenbrunn"]
[Black "pedromartinez91"]
[Result "0-1"]
[WhiteElo "1858"]
[BlackElo "2322"]
[TimeControl "180+2"]
[EndTime "15:36:02 PST"]
[Termination "pedromartinez91 won on time"]

1. e4 e6 2. d4 b6 3. Bd3 Bb7 4.
Nf3 Nf6 5. Qe2 Be7 6. O-O O-O 7. e5 Ne8 8. Bf4 d6 9. c3 Nd7 10. Nbd2 Rc8 11. Ne4 dxe5 12. Nxe5 Nef6 13. Ng5 h6 14.
Nexf7 Rxf7 15. Nxe6 Qe8 16. Nxc7 Rxc7 17. Bxc7 Qc8 18. Bg3 Nf8 19. Bc4 Bd5 20. Bxd5 Nxd5 21. Rfe1 Bf6 22. Qh5 Qd7 23. Re4 Bd8 24. Qe2 Nf6 25. Re6 Qxe6 0-1

[Event "*** Titled Tuesday 3|2 Blitz"]
[Site "Chess.com"]
[Date "2017.03.07"]
[Round "11"]
[White "plouarzel"]
[Black "escher"]
[Result "1-0"]
[WhiteElo "2330"]
[BlackElo "1998"]
[TimeControl "180+2"]
[EndTime "15:36:15 PST"]
[Termination "plouarzel won by checkmate"]

1. d4 Nf6 2. c4 g6 3. Nc3 d5 4.
cxd5 Nxd5 5. e4 Nxc3 6. bxc3 Bg7 7. Bb5+ Bd7 8. Be2 c5 9. Nf3 Nc6 10. Be3 Bg4 11. d5 Bxc3+ 12. Bd2 Bxd2+ 13. Qxd2 Bxf3 14. gxf3 Nd4 15. Qc3 b6 16. h4 O-O 17. h5 Qd6 18. Rc1 Qe5 19. Qe3 Nxe2 20. Kxe2 Qb2+ 21. Kf1 Qd4 22. Qh6 Qg7 23. Qg5 h6 24. Qe3 g5 25.
f4 Qd4 26. Qf3 Kh7 27. Rd1 Qc4+ 28. Kg1 f6 29. Kh2 Rg8 30. Rhg1 Qxa2 31. fxg5 hxg5 32. Qf5+ Kh6 33. d6 Qb2 34. Rd5 Rgf8 35. Qg6# 1-0

[Event "*** Titled Tuesday 3|2 Blitz"]
[Site "Chess.com"]
[Date "2017.03.07"]
[Round "11"]
[White "DryCounty"]
[Black "Zhani-Z"]
[Result "1-0"]
[WhiteElo "2509"]
[BlackElo "2340"]
[TimeControl "180+2"]
[EndTime "15:36:25 PST"]
[Termination "DryCounty won by checkmate"]

1. e4 e5 2. Nf3 Nc6 3. d4 exd4 4.
Bc4 Bc5 5. O-O d6 6. c3 dxc3 7. Qb3 Na5 8. Bxf7+ Kf8 9. Qxc3 Kxf7 10. Qxa5 Bg4 11. Ne5+ dxe5 12. Qxc5 Qd6 13. Qc3 Nf6 14.
f3 Be6 15. Be3 b6 16. Nd2 Rhd8 17. Nc4 Bxc4 18. Qxc4+ Kf8 19. Rad1 Qe7 20. Qa6 c5 21. a4 Kg8 22. a5 Rab8 23. Rxd8+ Qxd8 24. Qxa7 bxa5 25. Qxc5 Rxb2 26. Qxe5 Rb3 27. Bd4 Kf7 28. Rc1 Rb7 29. Be3 Rd7 30. h3 Rd1+ 31. Rxd1 Qxd1+ 32. Kh2 a4 33. Qc7+ Kg8 34. Qc4+ Kf8 35. Bc5+ Ke8 36. Qe6+ Kd8 37. Bb6# 1-0

[Event "*** Titled Tuesday 3|2 Blitz"]
[Site "Chess.com"]
[Date "2017.03.07"]
[Round "11"]
[White "Vrolijk"]
[Black "Outsmiter"]
[Result "0-1"]
[WhiteElo "2283"]
[BlackElo "2102"]
[TimeControl "180+2"]
[EndTime "15:36:28 PST"]
[Termination "Outsmiter won by resignation"]

1. e4 d6 2. d4 Nf6 3. Nc3 g6 4.
Bg5 Bg7 5. Qd2 h6 6. Bf4 g5 7. Be3 Ng4 8. O-O-O Nc6 9. Nge2 Nxe3 10. fxe3 e5 11. Nd5 Bg4 12. c3 Qd7 13. h3 Bh5 14. g4 Bg6 15. Ng3 O-O-O 16. Nf5 Bxf5 17. exf5 h5 18. Bb5 a6 19. Bxc6 bxc6 20. Nb4 Kb7 21. Nd3 Qe7 22. Qc2 Ka7 23. Kb1 Rb8 24. Qa4 hxg4 25. hxg4 Rxh1 26. Rxh1 exd4 27. exd4 Qe4 28. Rd1 Rb6 29. Ka1 Qxg4 30. Nb4 Kb7 31. Re1 Qxf5 32. d5 cxd5 33. a3 g4 34. Re7 g3 35. Qe8 g2 36. Rxc7+ Kxc7 37. Qe7+ Kb8 38. Qd8+ Ka7 39. Qc7+ Ka8 40. Qd8+ Rb8 0-1

[Event "*** Titled Tuesday 3|2 Blitz"]
[Site "Chess.com"]
[Date "2017.03.07"]
[Round "11"]
[White "ChadaevNikolay"]
[Black "pKiLz5Rn9b"]
[Result "1-0"]
[WhiteElo "2615"]
[BlackElo "2550"]
[TimeControl "180+2"]
[EndTime "15:36:41 PST"]
[Termination "ChadaevNikolay won by resignation"]

1. b3 e5 2. Bb2 Nc6 3. e3 Nf6 4.
Bb5 Bd6 5. Na3 Be7 6. Nc4 e4 7. Bxc6 bxc6 8. Ne2 O-O 9. O-O Ba6 10. d3 Re8 11. Ng3 exd3 12. cxd3 Bd6 13. Nf5 Bf8 14. Qf3 Re6 15. Rac1 Rb8 16. Rfd1 c5 17. e4 d6 18. h3 g6 19. Qg3 Kh8 20. Nh4 Bxc4 21. Rxc4 Bg7 22. Nf3 Kg8 23. Qf4 Qd7 24. Ra4 Ra8 25. Qc1 h6 26. Qa1 Nh5 27. Bxg7 Nxg7 28.
Qc1 Kh7 29. Re1 Rae8 30. Rxa7 f5 31. Ra4 Qc6 32. Nd4 Qxa4 33. bxa4 cxd4 34. Qxc7 fxe4 35. dxe4 Rxe4 36. Rxe4 Rxe4 37. Qxd6 Nf5 38. Qd7+ Re7 39. Qd5 h5 40. a5 Ra7 41. g4 hxg4 42. hxg4 Nh4 43. Kh2 g5 44. Kg3 Kg6 45. Qxd4 Rf7 46. Qe4+ Kh6 47. a6 Ra7 48. Qc6+ Ng6 49. Qb7 1-0

[Event "*** Titled Tuesday 3|2 Blitz"]
[Site "Chess.com"]
[Date "2017.03.07"]
[Round "11"]
[White "Grebeniuk-S"]
[Black "SergeiAza"]
[Result "0-1"]
[WhiteElo "2439"]
[BlackElo "2597"]
[TimeControl "180+2"]
[EndTime "15:36:45 PST"]
[Termination "SergeiAza won by resignation"]

1. d4 d5 2. c4 e6 3. Nc3 Be7 4.
Nf3 Nf6 5. cxd5 exd5 6. Bf4 Bf5 7.
e3 c6 8. Ne5 Nbd7 9. g4 Be6 10.
Be2 Nxe5 11. Bxe5 O-O 12. a3 a5 13. h4 b5 14. h5 h6 15. Rg1 Nd7 16. Bf4 b4 17.
Na4 Re8 18. Kf1 Bg5 19. Bh2 Qe7 20. Qd3 c5 21. dxc5 Nxc5 22. Nxc5 Qxc5 23. Kg2 Bf6 24. Rac1 Qb6 25. axb4 axb4 26. b3 Rac8 27. Bf3 d4 28. exd4 Bxd4 29. Bg3 Rc3 30. Rxc3 bxc3 31. Qe4 Bf6 32.
Bd1 Rd8 33. Bc2 Bd5 0-1

[Event "*** Titled Tuesday 3|2 Blitz"]
[Site "Chess.com"]
[Date "2017.03.07"]
[Round "11"]
[White "Schemato"]
[Black "FlameOak4464"]
[Result "1-0"]
[WhiteElo "2247"]
[BlackElo "1767"]
[TimeControl "180+2"]
[EndTime "15:36:58 PST"]
[Termination "Schemato won on time"]

1. c4 e6 2. Nc3 Nf6 3. e4 d5 4. e5 Nfd7 5. d4 dxc4 6. Bxc4 c5 7. Nf3 cxd4 8. Qxd4 Nc6 9. Qe4 Qc7 10.
Bf4 Nc5 11. Qe2 Be7 12. O-O O-O 13. Rac1 b6 14. Nb5 Qb8 15. Bg3 Bb7 16. Nd6 Na5 17. b4 Nxc4 18. bxc5 Na5 19. Nd4 bxc5 20. Rxc5 Bd8 21.
Qg4 Bb6 22. Rc3 Bd5 23. Bh4 Bc7 24. Bf6 g6 25. Rh3 Bxd6 26. Rxh7 1-0

[Event "*** Titled Tuesday 3|2 Blitz"]
[Site "Chess.com"]
[Date "2017.03.07"]
[Round "11"]
[White "Yaacovn"]
[Black "GeorgMeier"]
[Result "1-0"]
[WhiteElo "2619"]
[BlackElo "2713"]
[TimeControl "180+2"]
[EndTime "15:37:04 PST"]
[Termination "Yaacovn won by checkmate"]

1. d4 d5 2. Nf3 Nf6 3. Bf4 c5 4. c3 Nc6 5. Nbd2 cxd4 6. cxd4 Bf5 7. e3 e6 8. Qb3 Qb6 9. Qxb6 axb6 10. Bb5 Nd7 11. O-O Be7 12. Rfc1 Rc8 13. a3 f6 14.
Rc3 g5 15. Bg3 h5 16. h4 g4 17. Ne1 Kf7 18. Rac1 e5 19. Nd3 exd4 20. exd4 Bxd3 21. Bxd3 Nf8 22. Nf1 Ne6 23. Ne3 Rcd8 24. Nf5 Rhe8 25. Bb5 Bf8 26. Re3 Kg6 27. Bd3 Kf7 28. Rce1 Ng7 29.
Nh6# 1-0

[Event "*** Titled Tuesday 3|2 Blitz"]
[Site "Chess.com"]
[Date "2017.03.07"]
[Round "11"]
[White "Dr-Bassem"]
[Black "DeviatkinAndrey"]
[Result "1-0"]
[WhiteElo "2628"]
[BlackElo "2541"]
[TimeControl "180+2"]
[EndTime "15:37:09 PST"]
[Termination "Dr-Bassem won by resignation"]

1. e4 c6 2. d4 d5 3. exd5 cxd5 4.
c4 Nf6 5. Nc3 g6 6. Qb3 Bg7 7.
cxd5 O-O 8. Be2 Na6 9. Bf3 Qb6 10. Nge2 Rd8 11. O-O Qxb3 12. axb3 Nb4 13. Ra5 a6 14. Na4 Nfxd5 15. Rxd5 Nxd5 16. Bxd5 Bg4 17. f3 Rxd5 18. Nb6 Bxd4+ 19. Nxd4 Rxd4 20. Nxa8 Be6 21. Be3 Rd3 22. Re1 Rxb3 23. Bd4 Rd3 24. Bc3 Rd7 25. Nb6 Rd6 26. Na4 b6 27. Bb4 Rd4 28. Re4 Rd1+ 29. Kf2 a5 30.
Bxe7 b5 31. Nc3 Rd7 32. Bf6 b4 33. Na4 h6 34. Nc5 Rc7 35. Nxe6 fxe6 36. Rxe6 Kf7 37. Ra6 Rc2+ 38. Kg3 g5 39. Be5 Re2 40. Rxa5 h5 41. h4 gxh4+ 42. Kh3 Rxg2 43. Kxg2 1-0

[Event "*** Titled Tuesday 3|2 Blitz"]
[Site "Chess.com"]
[Date "2017.03.07"]
[Round "11"]
[White "Elshan1985"]
[Black "Alex_Molchanov"]
[Result "1-0"]
[WhiteElo "2502"]
[BlackElo "2456"]
[TimeControl "180+2"]
[EndTime "15:37:09 PST"]
[Termination "Elshan1985 won by checkmate"]

1. d4 Nf6 2. c4 e6 3. Nc3 Bb4 4. Bg5 h6 5. Bh4 O-O 6. e3 b6 7. Ne2 Bb7 8. a3 Be7 9. f3 d5 10. cxd5 exd5 11. Bf2 Re8 12. Ng3 c5 13. Bb5 Nc6 14. O-O cxd4 15. exd4 a6 16. Bd3 Bf8 17. b4 Rc8 18. Rc1 a5 19. b5 Ne7 20. Qb3 Ng6 21. Nge2 Bd6 22. Na4 Rxc1 23. Rxc1 Nf4 24. Nxf4 Bxf4 25. Re1 Rxe1+ 26. Bxe1 Bc8 27. Qc3 Bd7 28.
Bg3 Be3+ 29. Kf1 Ne8 30. Be2 Bg5 31. Qc2 Bf6 32. Qd3 Bg5 33. Nc3 Be6 34. f4 Be7 35. f5 Bc8 36. Bf3 Nf6 37. Be5 Bxa3 38. Bxf6 Qxf6 39. Nxd5 Qd6 40. f6 Be6 41. Ne7+ Kf8 42. Qh7 gxf6 43. Nc6 Bc4+ 44. Kf2 Bxb5 45. Qh8# 1-0

[Event "*** Titled Tuesday 3|2 Blitz"]
[Site "Chess.com"]
[Date "2017.03.07"]
[Round "11"]
[White "Feegus"]
[Black "Rating-Schmating"]
[Result "1-0"]
[WhiteElo "2390"]
[BlackElo "2281"]
[TimeControl "180+2"]
[EndTime "15:37:13 PST"]
[Termination "Feegus won by checkmate"]

1. d4 Nf6 2. Bf4 d5 3. e3 Bf5 4. c4 Nc6 5. Nf3 e6 6. Nc3 Bd6 7. Bg3 Nb4 8. Rc1 dxc4 9. Bxc4 c6 10. Qb3 b5 11. Be2 Nd3+ 12. Bxd3 Bxd3 13. Bxd6 Qxd6 14. Ne5 Bf5 15. Ne2 Rc8 16. O-O Nd7 17. Nxd7 Qxd7 18. Rfd1 O-O 19. f3 Bg6 20. Rc5 Rfd8 21.
Nf4 Rc7 22. Rdc1 Rdc8 23. h4 h6 24. Nxg6 fxg6 25. Re5 Kf7 26. Rcc5 a5 27. Qc2 Qe7 28. Qe4 Qf6 29. a3 a4 30. g3 Qe7 31. Kg2 Qd7 32. g4 Qe7 33. h5 Qf6 34. Kg3 g5 35. f4 g6 36. fxg5 Qf1 37. Qxg6+ Kf8 38. Qxh6+ Kg8 39. Qxe6+ Kh8 40. Qf6+ Qxf6 41. gxf6 Rf8 42. g5 Kh7 43. Re7+ Rxe7 44. fxe7 Re8 45. Re5 c5 46. dxc5 Kg7 47. Kf4 Kf7 48. Kf5 Kg7 49. c6 Rxe7 50. Rxe7+ Kf8 51.
Rh7 Kg8 52. g6 Kf8 53. c7 Ke8 54. c8=Q# 1-0

[Event "*** Titled Tuesday 3|2 Blitz"]
[Site "Chess.com"]
[Date "2017.03.07"]
[Round "11"]
[White "workhard91"]
[Black "ChristopherYoo"]
[Result "0-1"]
[WhiteElo "2200"]
[BlackElo "2160"]
[TimeControl "180+2"]
[EndTime "15:37:18 PST"]
[Termination "ChristopherYoo won on time"]

1. e4 e5 2. Nf3 Nc6 3. d4 exd4 4.
Nxd4 Bc5 5. Nxc6 Qf6 6. Qf3 dxc6 7. Nc3 Be6 8. Bd3 O-O-O 9. Qg3 Qg6 10. Qxg6 hxg6 11.
O-O Nf6 12. Nd1 Rh5 13. Bf4 Rdh8 14. Re1 Bd6 15. e5 Nd5 16. Bg3 Bc5 17. a3 a5 18.
Rb1 Ne7 19. b4 axb4 20. axb4 Bb6 21. c4 Bd4 22. Ne3 Nf5 23. Nxf5 Bxf5 24. Bxf5+ Rxf5 25. e6 fxe6 26. Rxe6 Bf6 27. Re4 Rd8 28. h3 Rd4 29.
Rbe1 Rxe4 30. Rxe4 Kd7 31. f3 Bc3 32. c5 b6 33. Bf2 b5 34. Bd4 Bxb4 35. Rg4 Bxc5 36.
Bxc5 Rxc5 37. Rxg6 b4 38. Rxg7+ Kc8 39. Rg4 b3 0-1

[Event "*** Titled Tuesday 3|2 Blitz"]
[Site "Chess.com"]
[Date "2017.03.07"]
[Round "11"]
[White "chito89"]
[Black "Genghis_K"]
[Result "0-1"]
[WhiteElo "2560"]
[BlackElo "2721"]
[TimeControl "180+2"]
[EndTime "15:37:22 PST"]
[Termination "Genghis_K won by resignation"]

1. e4 c5 2. Nc3 Nc6 3. Bb5 Nd4 4. Bc4 a6 5. Nf3 e6 6. Nxd4 cxd4 7. Ne2 Nf6 8. d3 d5 9. exd5 exd5 10. Bb3 Bc5 11.
O-O O-O 12. Bg5 h6 13. Bxf6 Qxf6 14. Bxd5 Bd6 15. Ng3 Qg5 16. Qf3 Bg4 17. Qe4 Rae8 18. Qxd4 Be5 19. Qc4 b5 20. Qb3 Rd8 21. c4 h5 22.
Rae1 h4 23. f4 Bxf4 24. Ne4 Qh6 25. cxb5 h3 26. g3 Be3+ 27. Kh1 Kh7 28. bxa6 f5 29. Nc3 Rf6 30. Qb7 Rxa6 31. Bf3 Rb6 32. Qc7 Rxd3 33. Bxg4 fxg4 34. Ne4 Rxb2 35. Nf6+ Qxf6 36. Rxf6 Rdd2 37. Rh6+ Kxh6 38. Qc6+ g6 0-1

[Event "*** Titled Tuesday 3|2 Blitz"]
[Site "Chess.com"]
[Date "2017.03.07"]
[Round "11"]
[White "peteseeger"]
[Black "Grootneus"]
[Result "1-0"]
[WhiteElo "2132"]
[BlackElo "2141"]
[TimeControl "180+2"]
[EndTime "15:37:32 PST"]
[Termination "peteseeger won by resignation"]

1. e4 d6 2. d4 g6 3. Nc3 Bg7 4.
f4 a6 5. Nf3 b5 6. Bd3 Nd7 7. e5 Bb7 8. Be4 Bxe4 9. Nxe4 Nh6 10. O-O O-O 11. e6 f5 12. Neg5 Nf6 13. d5 c6 14.
dxc6 Qb6+ 15. Kh1 Qxc6 16. Nd4 Qd5 17. Be3 Rac8 18. c3 Ne4 19. Nxe4 fxe4 20. a4 b4 21. cxb4 Rc4 22. Ne2 Qxe6 23. b5 Ng4 24. Bg1 Bxb2 25. Rb1 Bg7 26. h3 Nf6 27. Nd4 Qd5 28. b6 e3 29. Bxe3 Ne4 30. Ne2 Qb7 31. Qd3 Rxa4 32. Rfc1 Ra2 33. Qb3+ Kh8 34. Qxa2 d5 35. Rc7 Qb8 36.
Qxd5 e6 1-0

[Event "*** Titled Tuesday 3|2 Blitz"]
[Site "Chess.com"]
[Date "2017.03.07"]
[Round "11"]
[White "ZEN-22"]
[Black "Hanging_pointer"]
[Result "1-0"]
[WhiteElo "2370"]
[BlackElo "2280"]
[TimeControl "180+2"]
[EndTime "15:37:33 PST"]
[Termination "ZEN-22 won by resignation"]

1. e3 g6 2. Ne2 Bg7 3. d4 d6 4. h4 h5 5. g3 Nd7 6. Bg2 c5 7. Nbc3 Ngf6 8. dxc5 Nxc5 9. Nf4 O-O 10.
Ncd5 Bg4 11. Nxf6+ Bxf6 12. Bf3 Bxf3 13. Qxf3 Qa5+ 14. Bd2 Qb5 15. Nd5 Qxb2 16. O-O Qxc2 17. Nxf6+ exf6 18. Rfd1 f5 19. Bb4 Rfd8 20. Bxc5 dxc5 21.
Rxd8+ Rxd8 22. Qxb7 Rd2 23. Rf1 Qxa2 24. Qc8+ Kg7 25.
Qxc5 Rd7 26. Qe5+ Kh7 27. Ra1 Qc4 28. Qb8 Qe4 29. Rc1 a5 30. Qf8 a4 31. Ra1 Rd2 32. Qxf7+ Kh6 33. Qg8 Qe5 34. Rxa4 Rd1+ 35. Kh2 Qg7 36.
Qb3 Qd7 37. Rf4 Qc6 38. e4 Qc1 39. Qf3 fxe4 40. Rxe4 Rf1 41. Kg2 Rg1+ 42. Kh2 Re1 43. Rxe1 Qxe1 44. Qe3+ Qxe3 45. fxe3 g5 46. Kg2 Kg6 47.
Kf3 Kf5 48. e4+ Kf6 49. Ke3 gxh4 50. gxh4 1-0

[Event "*** Titled Tuesday 3|2 Blitz"]
[Site "Chess.com"]
[Date "2017.03.07"]
[Round "11"]
[White "1e41-0"]
[Black "NTBT_DHS"]
[Result "0-1"]
[WhiteElo "2342"]
[BlackElo "2537"]
[TimeControl "180+2"]
[EndTime "15:37:39 PST"]
[Termination "NTBT_DHS won by checkmate"]

1. d4 Nf6 2. c4 g6 3. Nc3 Bg7 4. e4 d6 5. Nge2 O-O 6. f3 c5 7. d5 Nbd7 8. Ng3 h5 9. Be2 h4 10. Nf1 a6 11. a4 Ne5 12. Be3 e6 13. Bf2 h3 14. g3 exd5 15. cxd5 Re8 16. Ne3 Qb6 17. Qc2 Bd7 18. O-O Qa5 19. Qd1 Rac8 20.
f4 Qb4 21. fxe5 Nxe4 22. Bf3 Nxf2 23. Rxf2 Bxe5 24. Nc2 Qxb2 25. Ne4 f5 26. Rb1 Qa2 27. Rxb7 Bxa4 28. Qc1 Rb8 29. Ne3 Qa1 30. Qxa1 Bxa1 31. Rxb8 Rxb8 32. Nxd6 Bd4 33. Ndc4 Rb1+ 34. Rf1 Rb3 35.
Kf2 Bb5 36. Bd1 Rc3 37. d6 Bxc4 38. d7 Rxe3 39. Bf3 Re2# 0-1

[Event "*** Titled Tuesday 3|2 Blitz"]
[Site "Chess.com"]
[Date "2017.03.07"]
[Round "11"]
[White "igorkovalenko"]
[Black "Hunninn"]
[Result "1-0"]
[WhiteElo "2693"]
[BlackElo "2439"]
[TimeControl "180+2"]
[EndTime "15:37:41 PST"]
[Termination "igorkovalenko won by resignation"]

1. c4 Nf6 2. Nc3 c5 3. g3 Nc6 4. Bg2 g6 5. Nf3 Bg7 6. O-O O-O 7. d3 a6 8. Rb1 Rb8 9. a4 d6 10.
Ne1 Bd7 11. Nc2 Nb4 12. Bd2 a5 13. Na3 Bc6 14. Nab5 d5 15. Bf4 Ra8 16. b3 Ne8 17. Rc1 d4 18. Nb1 e5 19. Bd2 f5 20. Bxb4 axb4 21.
Nd2 Qe7 22. Qc2 Bh6 23. Rce1 Nf6 24. h3 Rfe8 25. e3 dxe3 26. fxe3 Rad8 27. d4 cxd4 28. exd4 Bxd2 29. Qxd2 Bxb5 30. axb5 Rxd4 31. Qxd4 exd4 32. Rxe7 Rxe7 33. Rd1 Re3 34. Bxb7 Rxb3 35. Rxd4 Rc3 36. b6 b3 37. Bd5+ Nxd5 38. b7 Ne3 39. b8=Q+ Kg7 40.
Qe5+ 1-0

[Event "*** Titled Tuesday 3|2 Blitz"]
[Site "Chess.com"]
[Date "2017.03.07"]
[Round "11"]
[White "kereswasbest"]
[Black "AllStarShark"]
[Result "0-1"]
[WhiteElo "2042"]
[BlackElo "2273"]
[TimeControl "180+2"]
[EndTime "15:37:45 PST"]
[Termination "AllStarShark won on time"]

1. d4 d5 2. c4 dxc4 3. e4 Nc6 4. d5 Ne5 5. f4 Nd3+ 6. Bxd3 cxd3 7.
Qxd3 c6 8. Nc3 cxd5 9. exd5 e6 10. Nf3 exd5 11. Nxd5 Be6 12. Qb5+ Bd7 13. Qe2+ Be7 14. O-O Be6 15. Nxe7 Nxe7 16. Kh1 O-O 17. b3 Nf5 18. Bb2 Qb6 19. Ng5 Rfe8 20. Rae1 h6 21. Ne4 Nd4 22. Qf2 Nf5 23. Qf3 Bd5 24. Nf6+ Qxf6 25. Qxd5 Qxb2 26. Qxf5 Qf2 27. Rc1 Qe2 28. h3 Rad8 29. Rfe1 Qd2 30. Rxe8+ Rxe8 31. Rc7 Rf8 32. Rxb7 Qd4 33. Kh2 g6 34. Qd7 Qxf4+ 35. Kg1 Qe3+ 36. Kh2 Qe5+ 37. Kg1 Qe3+ 38. Kh2 Qf4+ 39. Kg1 Qf6 40. Rxa7 Rd8 0-1